 Dungeon Crawl Stone Soup version 0.28-a0-1389-gc726bef33b (webtiles) character file.

Game seed: 3885278766120050756

44 gruber the Caller (level 3, -3/24 HPs)
             Began as a Barachi Summoner on Jan 3, 2022.
             Killed from afar by an orc wizard (9 damage)
             ... with a magic dart
             ... on level 2 of the Dungeon.
             The game lasted 00:03:00 (2177 turns).

gruber the Caller (Barachi Summoner)                Turns: 2177, Time: 00:03:01

Health: -3/24      AC:  2    Str:  9    XL:     3   Next: 60%
Magic:  1/6        EV: 12    Int: 17    God:
Gold:   70         SH:  0    Dex: 12    Spells: 0/6 levels left

rFire   . . .      SeeInvis .   f - +0 short sword
rCold   . . .      Faith    .   (no shield)
rNeg    . . .      Spirit   .   a - +0 robe
rPois   .          Reflect  .   (no helmet)
rElec   .          Harm     .   (no cloak)
rCorr   .          Rampage  .   (no gloves)
Will    .....                   (no boots)
Stlth   ++........              (no amulet)
HPRegen 0.08/turn               (no ring)
MPRegen 0.10/turn               (no ring)

@: slow
A: amphibious, slowness 1, strong legs 1, +LOS
a: Hop


You were on level 2 of the Dungeon.
You visited 1 branch of the dungeon, and saw 2 of its levels.

You collected 70 gold pieces.

Inventory:

Hand Weapons
 f - a +0 short sword (weapon)
Missiles
 m - 4 poisoned darts (quivered)
Armour
 a - a +0 robe (worn)
Scrolls
 b - a scroll of teleportation {unknown}
 i - a scroll of identify {unknown}
 k - a scroll of holy word {unknown}
 l - a scroll of enchant weapon {unknown}
Potions
 c - a potion of ambrosia {unknown}
 d - a potion of attraction {unknown}
 e - a potion of heal wounds {unknown}
 g - a potion of flight {unknown}
 h - a potion of curing {unknown}
 j - a potion of brilliance {unknown}
 n - a potion of haste {unknown}


   Skills:
 + Level 0.9 Short Blades
 - Level 2.1 Dodging
 - Level 1.7 Stealth
 - Level 2.1 Spellcasting
 + Level 6.2 Summonings


You couldn't memorise any spells.
You knew the following spells:

 Your Spells              Type           Power      Damage    Failure   Level
a - Summon Small Mammal   Summ           88%        N/A       1%          1
b - Call Imp              Summ           22%        N/A       2%          2
c - Call Canine Familiar  Summ           22%        N/A       4%          3

Your spell library contained the following spells:

 Spells                   Type           Power      Damage    Failure   Level
 Summon Guardian Golem    Hex/Summ       12%        N/A       16%         3
 Summon Lightning Spire   Summ/Air       12%        N/A       47%         4


Dungeon Overview and Level Annotations

Branches:
Dungeon (2/15)

Altars:


Innate Abilities, Weirdness & Mutations

You are amphibious.
You cover ground slowly.
You can hop short distances.
You have an extended range of vision and can be seen from far away.


Message History

The puff of flame hits your rat!
Your rat dies!
Your rat's corpse disappears in a puff of smoke!
Your quokka appears confused.
Your quokka misses you.
Your quokka disappears in a puff of smoke!
Something tries to affect you, but you resist.
Casting: Summon Small Mammal (safe; 1% risk of failure)
Confirm with . or Enter, or press ? or * to list all spells.
A beastly little devil appears in a puff of frigid air.
Your white imp hits the orc but does no damage.
You hit the orc.
The orc is lightly wounded.
The orc hits you with a +0 war axe.
The orc hits your white imp with a +0 war axe.
Your white imp hits the orc.
Your white imp freezes the orc.
You are too injured to fight recklessly!
You are too injured to fight recklessly!
You hit the orc.
You kill the orc!
Something hits you.
Things that are here:
a +0 war axe; a +0 ring mail; an orc corpse You closely miss something.
Something hits you.
* * * LOW HITPOINT WARNING * * *
You closely miss something. Something hits you.
* * * LOW HITPOINT WARNING * * *
Something hits your white imp.
You hear some strange, mumbled words.
Your white imp resists with significant effort.
You hear some strange, mumbled words.
Your white imp appears confused.
An orc wizard appears from thin air!
Reactivating autopickup.
Your white imp hits the orc wizard but does no damage.
Casting: Call Imp (safe; 2% risk of failure)
Confirm with . or Enter, or press ? or * to list all spells.
The orc wizard gestures at you while chanting.
The magic dart hits you!
You die...

##########
##########...)....#####
#............{........##
#.########5######.##...# #.#
#####.# #)##...### #.#
#.....# #........### #.#
#.##.o# #...........
#.####.##..## #........###
##..........@# #.#....###
#........###.#####.#....#####
#.#####..# #r........#.#.....
#.# #..###.........#<......
#.# #......#######.#.#.####
#.# #.####.# #.#†#.# #.# #.#
#.# #.#.#.# #.# #.# #.#
#.#.#.#### #.# #.# #.#
#.#[......


You could see an orc wizard (ally target), a friendly white imp (summoned,
confused) and a friendly quokka (summoned).

Vanquished Creatures
  A worm (D:2)
  An orc (D:2)
  3 bats (D:1)
  2 endoplasms (D:1)
  4 giant cockroaches
  2 goblins (D:1)
  A hobgoblin (D:2)
  A quokka (D:2)
  3 ball pythons
  A frilled lizard (D:1)
  2 kobolds (D:2)
  2 rats
23 creatures vanquished.

Vanquished Creatures (collateral kills)
  3 ball pythons (D:1)
  2 bats (D:1)
  An endoplasm (D:1)
  2 giant cockroaches
  2 goblins (D:1)
  A frilled lizard (D:1)
  3 kobolds (D:1)
14 creatures vanquished.

Grand Total: 37 creatures vanquished

Notes
Turn   | Place    | Note
-------+----------+-------------------------------------------
     0 | D:1      | gruber the Barachi Summoner began the quest for the Orb.
     0 | D:1      | Reached XP level 1. HP: 13/13 MP: 3/3
    43 | D:1      | Reached skill level 5 in Summonings
   158 | D:1      | Found a faded altar of an unknown god.
   215 | D:1      | Reached XP level 2. HP: 3/19 MP: 0/5
   492 | D:1      | Learned a level 2 spell: Call Imp
  1180 | D:1      | Reached XP level 3. HP: 24/24 MP: 6/6
  1206 | D:1      | Learned a level 3 spell: Call Canine Familiar
  1517 | D:2      | Reached skill level 6 in Summonings
  2177 | D:2      | Killed from afar by an orc wizard

Illustrated notes

Levels and vault maps discovered:
D:1:      dpeg_arrival_refuge, layout_basic, ebering_ecumenical_altar_hall
D:2:      layout_loops_ring

Skill      XL: |  1  2  3 |
---------------+----------+-----
Summonings     | 5 6 |  6.2
Short Blades   | |  0.9
Dodging        | |  2.1
Stealth        | |  1.7
Spellcasting   | |  2.1

Action                   || total
-------------------------++-------
Melee: Unarmed           ||    24
       Short sword       ||   118
Throw: Dart              ||     3
 Cast: Summon Small Mamm ||    23
       Call Imp          ||     8
       Call Canine Famil ||     2
 Stab: Sleeping          ||     4
Armor: Robe              ||    48
Dodge: Dodged            ||   130

Table legend: (Time is in decaauts)
 A = Elapsed time spent in this place.
 B = Non-inter-level travel time spent in this place.
 C = Inter-level travel time spent in this place.
 D = Time resting spent in this place.
 E = Time spent auto-exploring this place.
 F = Levels seen in this place.
 G = Mean time per level.
                   A        B        C        D        E       F      G
               +--------+--------+--------+--------+--------+-----+--------+
         Total |   2348 |   2342 |      6 |      4 |   1857 |   2 | 1174.0 |
       Dungeon |   2348 |   2342 |      6 |      4 |   1857 |   2 | 1174.0 |
               +--------+--------+--------+--------+--------+-----+--------+

Top non-repeatable levels by time:
     D:1: 1624 daAuts
     D:2: 724 daAuts
